 Dungeon Crawl Stone Soup version 0.20.1-1-g8b1a95d (webtiles) character file.

3831 torrenera the Carver (level 9, -2/71 HPs)
             Began as a Mummy Fighter on July 13, 2017.
             Was an Initiate of Gozag.
             Slain by a two-headed ogre
             ... wielding a +0 giant spiked club
              (7 damage)
             ... on level 8 of the Dungeon on July 14, 2017.
             The game lasted 00:29:50 (10421 turns).

torrenera the Carver (Mummy Fighter)               Turns: 10421, Time: 00:29:50

Health: -2/71      AC: 12    Str: 23    XL:     9   Next: 98%
Magic:  9/9        EV:  4    Int:  7    God:    Gozag
Gold:   360        SH: 12    Dex: 11    Spells: 8/8 levels left

rFire    x . .     SeeInvis .   a - +0 long sword
rCold    + + .     Gourm    .   c - +0 shield
rNeg     + + +     Faith    .   q - +0 plate armour
rPois    ∞         Spirit   .   (no helmet)
rElec    .         Reflect  +   (no cloak)
rCorr    .         Harm     .   s - +0 pair of gloves
MR       +....                  (no boots)
Stlth    ..........             l - +3 amulet of reflection
Regen    0.3/turn               n - ring of protection from cold
MPRegen  0.2/turn               (no ring)

@: no status effects
A: no food or potions, fire vulnerability, cold resistance 1, negative energy
resistance 3, torment resistance, unbreathing
a: Potion Petition, Call Merchant, Bribe Branch, Renounce Religion


You were on level 8 of the Dungeon.
You worshipped Gozag.
Gozag was aware of your devotion.
You were not hungry.

You visited 1 branch of the dungeon, and saw 8 of its levels.

You collected 613 gold pieces.
You spent 148 gold pieces at shops.
You paid 105 gold pieces to Gozag.

Inventory:

Hand Weapons
 a - a +0 long sword (weapon)
 b - a +0 war axe of electrocution
 e - a +0 blowgun
 m - a +0 hunting sling
 x - a +0 dagger of electrocution
Missiles
 d - 218 stones (quivered)
 i - 71 sling bullets
 j - 11 poisoned needles
 p - 4 silver tomahawks
 B - 2 curare-tipped needles
Armour
 c - a +0 shield (worn)
 q - a +0 plate armour (worn)
 s - a +0 pair of gloves (worn)
Jewellery
 l - a +3 amulet of reflection (around neck)
 n - a ring of protection from cold (left hand)
 y - an uncursed amulet of regeneration {unknown}
 D - an uncursed ring of flight {unknown}
Wands
 w - a wand of random effects (0/48)
 A - a wand of polymorph (0/24)
 C - a wand of digging (13/24)
Scrolls
 f - 2 scrolls of enchant weapon
 g - 2 scrolls of magic mapping
 h - 2 scrolls of enchant armour {unknown}
 k - 4 scrolls of fog
 o - 3 scrolls of amnesia
 r - a scroll of remove curse
 t - 4 scrolls of identify
 u - 2 scrolls of teleportation
 v - a scroll of immolation {unknown}
 z - a scroll of summoning {unknown}


   Skills:
 + Level 6.9 Fighting
 * Level 10.9 Long Blades
 - Level 2.4 Armour
 - Level 2.4 Shields


You had 8 spell levels left.
You didn't know any spells.

Dungeon Overview and Level Annotations

Branches:
Dungeon (8/15)             Temple (0/1) D:7
   Lair: D:8-11

Altars:
Ashenzari
Gozag
Hepliaklqana
Qazlal
Ru
Trog

Shops:
D:5 *

Annotations:
D:8 Grum


Innate Abilities, Weirdness & Mutations

You do not eat or drink.
Your flesh is vulnerable to fire.
You are immune to poison.
Your flesh is cold resistant. (rC+)
You are immune to negative energy. (rN+++)
You are immune to unholy pain and torment.
You can survive without breathing.


Message History

There is an open door here.
Evoke which item? (* to show all) (? for menu, Esc to quit)
Okay, then.
There is a stone staircase leading up here.
You need at least 400 gold to purchase potions right now!
You hit the two-headed ogre.
The two-headed ogre is severely wounded.
You block the two-headed ogre's attack. x2
You hit the two-headed ogre.
The two-headed ogre is severely wounded.
The two-headed ogre hits you with a giant spiked club.
* * * LOW HITPOINT WARNING * * *
The two-headed ogre hits you but does no damage.
Your shield prevents you from hitting the two-headed ogre.
The two-headed ogre is severely wounded.
You closely miss the two-headed ogre.
The two-headed ogre is severely wounded.
The two-headed ogre hits you with a giant spiked club!
You die...
Your body crumbles into a pile of gold.

.....#.#.#.# #...###
#....#.#.#.#.# #......
#....#.#.#.#.# ##########.....
#....#.#.#+#.# #......# #.....
.....#.#.....# #......# #.....
######.#.....# ####......###)....
.....#.#.....# #..'....).')......
####.#.#.....# #O##......###.....
.......#...).# #@#...............
####.###.#.#)# #.#.#######.......
####'###.#.#.# #.#. #.##....
.........#.#.# #.#. #.##....
.........#.#.# #.#### #.##....
........>#.#.# #.#..# #.##....
.........#.#.###.#..####.#.##....
####.......#.)...........#.##....
#####.#######.#########.#.....


You could see a two-headed ogre.

Vanquished Creatures
  Pikel (D:8)
  Eustachio (D:5)
  2 steam dragons
  Duvessa (D:6)
  A floating eye (D:5)
  A slave (D:8)
  An orc warrior (D:6)
  4 ice beasts
  A black bear (D:6)
  An ogre (D:4)
  A centaur (D:5)
  A wolf (D:8)
  4 big kobolds (D:7)
  3 bullfrogs
  Dowan (D:6)
  A scorpion (D:6)
  2 howler monkeys
  A bullfrog zombie (D:6)
  2 centaur zombies
  2 crimson imps (D:6)
  6 orc priests
  2 hounds
  5 jellies
  5 orc wizards
  A bullfrog skeleton (D:5)
  An iguana (D:4)
  Jessica (D:2)
  2 centaur skeletons
  5 worker ants
  2 hound zombies
  2 hound skeletons
  A worker ant zombie (D:6)
  2 howler monkey skeletons
  11 adders
  2 shadow imps
  3 oozes (D:7)
  An adder zombie (D:6)
  An adder skeleton (D:6)
  2 worms (D:3)
  3 dart slugs
  3 leopard geckos
  34 orcs
  4 giant cockroaches
  3 goblins
  7 hobgoblins
  11 jackals
  4 quokkas
  3 ball pythons
  8 bats
  8 frilled lizards
  10 kobolds
  A leopard gecko skeleton (D:3)
  A quokka skeleton (D:4)
  6 rats
193 creatures vanquished.

Vanquished Creatures (others)
  A slave (D:8)
  A jackal (D:8)
  A kobold (D:7)
  6 fungi (D:7)
  8 toadstools (D:7)
17 creatures vanquished.

Grand Total: 210 creatures vanquished

Notes
Turn   | Place    | Note
-------+----------+-------------------------------------------
     0 | D:1      | torrenera the Mummy Fighter began the quest for the Orb.
     0 | D:1      | Reached XP level 1. HP: 18/18 MP: 1/1
   129 | D:1      | Reached skill level 2 in Long Blades
   135 | D:1      | Reached XP level 2. HP: 20/24 MP: 2/2
   808 | D:2      | Reached XP level 3. HP: 19/29 MP: 3/3
   967 | D:2      | Noticed Jessica
   974 | D:2      | Killed Jessica
   974 | D:2      | Reached skill level 3 in Long Blades
  1026 | D:2      | Reached XP level 4. HP: 34/36 MP: 4/4
  2201 | D:3      | Reached XP level 5. HP: 41/42 MP: 5/5
  2299 | D:3      | Reached skill level 4 in Long Blades
  2964 | D:4      | Noticed an ogre
  2973 | D:4      | Found a hazy altar of Hepliaklqana.
  2995 | D:4      | Killed an ogre
  2995 | D:4      | Reached XP level 6. HP: 25/48 MP: 6/6
  3278 | D:4      | Reached skill level 5 in Long Blades
  3353 | D:4      | Found a sacrificial altar of Ru.
  3551 | D:4      | Found a stormy altar of Qazlal.
  3603 | D:5      | Entered Level 5 of the Dungeon
  3710 | D:5      | Found Oqukhau's General Store.
  4061 | D:5      | Noticed Eustachio
  4267 | D:5      | Reached XP level 7. HP: 55/55 MP: 7/7
  4677 | D:5      | Killed Eustachio
  4677 | D:5      | Reached skill level 6 in Long Blades
  5180 | D:5      | Got a steaming leather armour
  5220 | D:5      | Bought a +1 chain mail of positive energy for 148 gold pieces
  5230 | D:5      | Identified the cursed +1 leather armour of the Pit {rPois rC+ SInv} (You found it on level 5 of the Dungeon)
  5272 | D:5      | Reached skill level 5 in Fighting
  5272 | D:5      | Reached skill level 7 in Long Blades
  5407 | D:6      | Reached XP level 8. HP: 62/62 MP: 8/8
  6189 | D:6      | Reached skill level 8 in Long Blades
  6645 | D:6      | Noticed Duvessa
  6647 | D:6      | Noticed Dowan
  6661 | D:6      | Killed Duvessa
  6677 | D:6      | Killed Dowan
  7217 | D:7      | Found a staircase to the Ecumenical Temple.
  7264 | D:7      | Reached skill level 9 in Long Blades
  7364 | D:6      | Reached XP level 9. HP: 26/69 MP: 9/9
  8052 | D:7      | Found an opulent altar of Gozag.
  8061 | D:7      | Became a worshipper of Gozag Ym Sagoz the Greedy
  8143 | D:7      | Found a bloodstained altar of Trog.
  8494 | D:5      | Noticed a wolf spider
  8494 | D:5      | a slime creature changed into a wolf spider
  8497 | D:5      | a wolf spider changed into a floating eye
  9142 | D:7      | Found a shattered altar of Ashenzari.
  9271 | D:7      | Reached skill level 10 in Long Blades
  9301 | D:8      | Noticed Grum
 10109 | D:8      | Noticed Pikel
 10144 | D:8      | Killed Pikel
 10379 | D:8      | Noticed a two-headed ogre
 10421 | D:8      | Slain by a two-headed ogre

Skill      XL: |  1  2  3  4  5  6  7  8  9 |
---------------+----------------------------+-----
Long Blades    | 2 3 4 5 7 9 10 | 10.9
Fighting       | 4 5 6 |  6.9
Armour         | |  2.4
Shields        | |  2.4

Action                   |  1- 3 |  4- 6 |  7- 9 || total
-------------------------+-------+-------+-------++-------
Melee: Long sword        |    92 |   289 |   755 ||  1136
 Fire: Hunting sling     |       |    12 |    16 ||    28
Throw: Stone             |       |       |     1 ||     1
Invok: Potion Petition   |       |       |     1 ||     1
Evoke: Wand              |       |       |    16 ||    16
  Use: Scroll            |       |     7 |    10 ||    17
Armor: Scale mail        |    52 |    85 |       ||   137
       Plate armour      |       |    88 |   454 ||   542
Dodge: Dodged            |    42 |    76 |    91 ||   209
Block: Shield            |    51 |   139 |   458 ||   648
       Reflection        |       |       |    11 ||    11
       Rpst.: Long sword |    13 |    27 |    29 ||    69
